 Dungeon Crawl Stone Soup version 0.31-a0-204-g7da18cac08 (webtiles) character file.

Game seed: 3443521566551819507

67 lunkers the Charlatan (level 4, -2/35 HPs)
             Began as a Meteoran Wanderer on June 27, 2023.
             Succumbed to a scorpion's poison
             ... on level 3 of the Dungeon.
             The game lasted 00:02:36 (1244 turns).

lunkers the Charlatan (Meteoran Wanderer)           Turns: 1244, Time: 00:02:37

Health: -2/35      AC:  3    Str: 17    XL:     4   Next: 67%
Magic:  5/5        EV: 11    Int: 12    God:
Gold:   150        SH:  0    Dex: 13    Spells: 3/3 levels left

rFire   . . .        a - +2 spear
rCold   . . .        (no shield)
rNeg    . . .        e - +0 leather armour
rPois   .            (no helmet)
rElec   .            (no cloak)
rCorr   .            (no gloves)
SInv    .            (no boots)
Will    .....        (no amulet)
Stlth   +            (no ring)
HPRegen 0.25/turn    (no ring)
MPRegen 0.09/turn

%: no passive effects
@: brilliant, lethally poisoned (-2 -> -13), glowing
A: sense surroundings 1, otherworldly, glowing, explore regen
a: no special abilities


You were on level 3 of the Dungeon.
You visited 1 branch of the dungeon, and saw 3 of its levels.

You collected 150 gold pieces.

Inventory:

Hand Weapons
 a - a +2 spear (weapon)
Armour
 e - a +0 leather armour (worn)
Jewellery
 g - a ring of fire
 k - a +4 ring of protection
Wands
 c - a wand of flame (6)
Scrolls
 d - a scroll of fear
 f - 2 scrolls of identify
 h - a scroll of blinking
Potions
 b - a potion of lignification
 i - 2 potions of haste


   Skills:
 - Level 1.1 Fighting
 + Level 5.9 Polearms
 - Level 1.2 Dodging
 - Level 6.0 Evocations


You had 3 spell levels left.
You didn't know any spells.
Your spell library contained the following spells:

 Spells                   Type           Power      Damage    Failure   Level
 Sublimation of Blood     Necr           0%         N/A       52%         2
 Petrify                  Tmut/Erth      0%         N/A       99%         4
 Irradiate                Conj/Tmut      0%         3d11      100%        5
 Silence                  Hex/Air        0%         N/A       100%        5
 Necromutation            Tmut/Necr      0%         N/A       100%        8


Dungeon Overview and Level Annotations

Branches:
Dungeon (3/15) Zot: 576

Altars:

Shops:
D:1 ?


Innate Abilities, Weirdness & Mutations

You passively map a small area around you.
You are easily found by Zot.
You glow in the dark.
You regain HP and MP as you explore.


Message History

You completely miss the scorpion. The scorpion barely misses you.
You hit the scorpion.
The scorpion is lightly wounded.
The scorpion stings you.
You are poisoned.
The scorpion poisons you!
You hit the scorpion but do no damage.
The scorpion is lightly wounded.
You feel very sick. The scorpion stings you.
You hit the scorpion.
The scorpion is moderately wounded.
You feel sick. The scorpion stings you.
You are more poisoned.
The scorpion poisons you!
You hit the scorpion but do no damage.
The scorpion is moderately wounded.
* * * LOW HITPOINT WARNING * * *
You feel very sick.
The scorpion stings you but does no damage.
Reach: a) +2 spear
Press: ? - help, Dir - move target, f - scorpion
Aim: a scorpion (moderately wounded, about 36% to evade your +2 spear)
You hit the scorpion.
The scorpion is moderately wounded.
* * * LOW HITPOINT WARNING * * *
You feel very sick. The scorpion stings you.
* * * LOW HITPOINT WARNING * * *
Reach: a) +2 spear
Press: ? - help, Dir - move target, f/p - scorpion
Aim: a scorpion (moderately wounded, about 36% to evade your +2 spear)
You hit the scorpion.
The scorpion is heavily wounded.
* * * LOW HITPOINT WARNING * * *
You feel sick. The scorpion stings you.
* * * LOW HITPOINT WARNING * * *
It was a potion of brilliance.
You feel clever all of a sudden.
You die...

, * , ♣.♣ ,,
..# * ,* #.#
..# * * ##.# *
* * * ..# ,
#..# * * * #.#
,###.## #.# *,
,#>.... , * #
#.# # #.#### *
, #.####s####.#
#.#.##
*##.....@.....#
#....### ,
........######
#.......
**#######.#
##...##. #*
####*#.#
##.##.. * .. ,
... #.# #.##..
,, .. ##.##.#
#.....
*##.##...#.#
#.....
#.....#(..#
##.... , *
#...### ###..


You could see a scorpion.

Vanquished Creatures
  2 adders (D:2)
  A worm (D:2)
  5 bats
  2 endoplasms
  3 giant cockroaches
  6 hobgoblins
  4 jackals (D:1)
  8 ball pythons
  5 frilled lizards
  2 goblins
  6 kobolds
  A rat (D:3)
45 creatures vanquished.

Notes
Turn   | Place    | Note
-------+----------+-------------------------------------------
     0 | D:1      | lunkers the Meteoran Wanderer began the quest for the Orb.
     0 | D:1      | lunkers set off with the following items: a +2 spear, a
                  | potion of lignification, a wand of flame (6), a scroll of
                  | fear, a +0 leather armour.
     0 | D:1      | Reached XP level 1. HP: 16/16 MP: 2/2
   101 | D:1      | Reached XP level 2. HP: 18/23 MP: 3/3
   156 | D:1      | Found Gujef's Magic Scroll Shoppe.
   367 | D:1      | Reached XP level 3. HP: 21/28 MP: 4/4
   505 | D:1      | Glimpsed the power of Zot.
   555 | D:1      | Glimpsed the power of Zot.
   604 | D:2      | Reached skill level 5 in Polearms
   724 | D:2      | Reached XP level 4. HP: 19/35 MP: 5/5
  1110 | D:3      | Got the Precepts of Evolved Exhalation
  1234 | D:3      | Noticed a scorpion
  1243 | D:3      | HP: 1/35 [scorpion (6)]
  1244 | D:3      | Succumbed to a scorpion's poison

Illustrated notes

Levels and vault maps discovered:
D:1:      psy_arrival_spokes, layout_loops_corners, serial_shops, shop,
          grunt_decor_fettered
D:2:      layout_loops_ring, nicolae_figureground_sparkle
D:3:      layout_loops_ring, shapermc_ecumenical_altar_hornbeckon,
          kennysheep_minor_cross, minmay_tree_intersection

Skill      XL: |  1  2  3 |
---------------+----------+-----
Polearms       | 4 5 |  5.9
Fighting       | |  1.1
Dodging        | |  1.2
Evocations     | |  6.0

Action                     |  1- 3 |  4- 6 || total
---------------------------+-------+-------++-------
  Melee: Spear             |    87 |    45 ||   132
    Use: Scroll            |     1 |     4 ||     5
         Potion            |       |     1 ||     1
 Armour: Leather armour    |    23 |    13 ||    36
  Dodge: Dodged            |    18 |    16 ||    34

Table legend: (Time is in decaauts)
 A = Elapsed time spent in this place.
 B = Non-inter-level travel time spent in this place.
 C = Inter-level travel time spent in this place.
 D = Time resting spent in this place.
 E = Time spent auto-exploring this place.
 F = Levels seen in this place.
 G = Mean time per level.
                   A        B        C        D        E       F      G
               +--------+--------+--------+--------+--------+-----+--------+
         Total |   1223 |   1159 |     64 |      0 |    830 |   3 |  407.7 |
       Dungeon |   1223 |   1159 |     64 |      0 |    830 |   3 |  407.7 |
               +--------+--------+--------+--------+--------+-----+--------+

Top non-repeatable levels by time:
     D:1: 568 daAuts
     D:2: 490 daAuts
     D:3: 165 daAuts
